 Dungeon Crawl Stone Soup version 0.29-a0-563-g64e4043184 (webtiles) character file.

Game seed: 13242516709559336183

935 magipi the Basher (level 8, 0/102 HPs)
             Began as a Meteoran Berserker on June 11, 2022.
             Was a Priest of Trog.
             Succumbed to a gnoll sergeant's poison
             ... on level 5 of the Dungeon.
             The game lasted 00:13:57 (2536 turns).

magipi the Basher (Meteoran Berserker)              Turns: 2536, Time: 00:13:57

Health: 0/102      AC: 13    Str: 22    XL:     8   Next: 59%
Magic:  9/9        EV: 10    Int:  8    God:    Trog [***...]
Gold:   181        SH:  0    Dex: 13    Spells: 7/7 levels left

rFire   . . .      SeeInvis .   a - +0 mace
rCold   . . .      Faith    .   (no shield)
rNeg    . . .      Spirit   .   m - +0 chain mail
rPois   .          Reflect  .   (no helmet)
rElec   .          Harm     .   (no cloak)
rCorr   .          Rampage  .   l - +0 pair of gloves
Will    +....                   j - +1 pair of boots
Stlth   ..........              (no amulet)
HPRegen 0.27/turn               (no ring)
MPRegen 0.11/turn               (no ring)

@: berserking (expiring), lethally poisoned (0 -> -11), glowing, very quick
A: sense surroundings 1, otherworldly, glowing, explore regen
a: Renounce Religion, Berserk, Trog's Hand


You were on level 5 of the Dungeon.
You worshipped Trog.
Trog was most pleased with you.
You visited 1 branch of the dungeon, and saw 5 of its levels.
You also visited: Sewer.

You collected 181 gold pieces.

Inventory:

Hand Weapons
 a - a +0 mace (weapon)
 s - the +8 longbow "Zephyr" {speed, Dex+3 SInv}
   (You found it on level 3 of the Dungeon)

   Attacks with this weapon are significantly faster.
   Dex:       It affects your dexterity (+3).
   SInv:      It lets you see invisible.
Missiles
 o - 2 throwing nets
 p - 2 boomerangs
 z - 3 poisoned darts (quivered)
Armour
 j - a +1 pair of boots (worn)
   (You found it on level 1 of the Dungeon)
 l - a +0 pair of gloves (worn)
   (You found it on level 2 of the Dungeon)
 m - a +0 chain mail (worn)
   (You found it on level 2 of the Dungeon)
Wands
 d - a wand of digging (4)
   (You found it on level 3 of the Dungeon)
 B - a wand of acid (6)
   (You found it on level 4 of the Dungeon)
Scrolls
 b - 2 scrolls of enchant weapon {unknown}
 f - 3 scrolls of teleportation {unknown}
 g - 8 scrolls of identify {unknown}
 h - 2 scrolls of immolation {unknown}
 n - a scroll of fear {unknown}
 q - a scroll of magic mapping {unknown}
 t - 2 scrolls of blinking
 v - a scroll of poison {unknown}
 x - a scroll of enchant armour {unknown}
 y - a scroll of amnesia {unknown}
Potions
 c - a potion of curing {unknown}
 e - 2 potions of lignification {unknown}
 i - 2 potions of haste {unknown}
 k - a potion of degeneration {unknown}
 r - 2 potions of might {unknown}
 u - a potion of brilliance {unknown}
 w - a potion of heal wounds {unknown}
 A - 2 potions of attraction {unknown}
 C - a potion of mutation {unknown}


   Skills:
 + Level 5.3 Fighting
 * Level 8.2 Maces & Flails
 + Level 1.5 Throwing
 + Level 5.2 Armour
 + Level 5.3 Dodging
 + Level 1.5 Evocations


You had 7 spell levels left.
You didn't know any spells.
Your spell library was empty.

Dungeon Overview and Level Annotations

Branches:
Dungeon (5/15)              Sewer (visited)
 Temple: D:4-7

Altars:
Elyvilon
Kikubaaqudgha
Sif Muna
Yredelemnul


Innate Abilities, Weirdness & Mutations

You passively map a small area around you.
You are easily found by Zot.
You glow in the dark.
You regain HP and MP as you explore.


Message History

The scorpion is almost dead.
You feel sick.
The scorpion stings you but does no damage.
The scorpion barely misses you.
You hit the scorpion.
You kill the scorpion!
Trog accepts your kill.
You feel sick.
You feel yourself speed up.
You feel sick.
You feel sick.
You are no longer poisoned.
You recover from your berserk rage.
The gnoll sergeant shouts!
The gnoll shouts! x3
The gnoll sergeant hits you from afar with a +2 spear of venom.
You are poisoned.
Unknown command.
You feel very sick.
You feel sick.
You feel sick.
You feel sick.
The gnoll sergeant hits you with a +2 spear of venom.
You are more poisoned.
A red film seems to cover your vision as you go berserk!
You feel yourself moving faster!
You feel mighty!
You feel very sick.
The gnoll sergeant hits you with a +2 spear of venom.
You are more poisoned.
You barely miss the gnoll sergeant.
You feel very sick.
The gnoll sergeant hits you but does no damage.
You hit the gnoll sergeant but do no damage.
You feel very sick.
The gnoll sergeant hits you with a +2 spear of venom.
You are more poisoned.
The gnoll hits you but does no damage.
You sock the gnoll sergeant!
The gnoll sergeant is moderately wounded.
You feel very sick.
You barely miss the gnoll sergeant.
The gnoll sergeant is moderately wounded.
You feel very sick. The gnoll sergeant closely misses you.
The gnoll closely misses you.
You hit the gnoll sergeant.
The gnoll sergeant is moderately wounded.
You feel very sick.
The gnoll sergeant hits you with a +2 spear of venom!
You are lethally poisoned!
The gnoll hits you but does no damage.
You sock the gnoll sergeant!
The gnoll sergeant is almost dead.
You feel very sick.
You hit the gnoll sergeant.
You kill the gnoll sergeant!
Trog accepts your kill.
* * * LOW HITPOINT WARNING * * *
You feel very sick. The gnoll hits you but does no damage.
Unknown command.
You thump the gnoll!
The gnoll is almost dead.
* * * LOW HITPOINT WARNING * * *
You feel very sick.
The gnoll hits you but does no damage. x2
Unknown command.
You sock the gnoll!
The gnoll is severely wounded.
* * * LOW HITPOINT WARNING * * *
You feel very sick.
Unknown command.
You barely miss the gnoll.
The gnoll is almost dead.
* * * LOW HITPOINT WARNING * * *
You feel very sick. The gnoll hits you with a +0 club.
* * * LOW HITPOINT WARNING * * *
The gnoll closely misses you.
You thump the gnoll!
You kill the gnoll!
Trog accepts your kill.
* * * LOW HITPOINT WARNING * * *
You feel sick. The gnoll hits you but does no damage.
Unknown command.
You barely miss the gnoll.
The gnoll is severely wounded.
* * * LOW HITPOINT WARNING * * *
You feel sick.
Unknown command.
Unknown command.
You completely miss the gnoll.
The gnoll is severely wounded.
* * * LOW HITPOINT WARNING * * *
You feel very sick. The gnoll hits you with a +0 flail.
* * * LOW HITPOINT WARNING * * *
The gnoll barely misses you.
Unknown command.
You closely miss the gnoll.
The gnoll is severely wounded.
You die...

.....g.....'../# *
,.........≈≈#...#≈≈
...#...#.≈######*
####.##..≈##≈≈≈## *
#.##.#≈≈≈≈≈≈≈≈ ,
#......###### ,
#..##.## ###.##gg# *
...##@##### * *
###.##.##.###.#
#....##<.#.#...# ,
##..#..........#.#
##..##.########...#
####..#*, .##. #...#
#<....##.⌠....._.#...#
#.....##.......≈.#.#.#
#...).##.≈≈≈≈≈≈..#.#.#


You could see 2 gnolls.

Vanquished Creatures
  2 ogres
  2 bullfrogs (Sewer)
  A gnoll sergeant (D:5)
  3 scorpions
  A howler monkey (D:4)
  A jelly (D:5)
  A hound (D:4)
  An iguana (D:4)
  9 gnolls
  9 adders
  A white imp (D:5)
  3 worms (D:2)
  2 dart slugs
  2 orcs
  3 bats
  17 endoplasms
  8 giant cockroaches
  6 goblins
  2 hobgoblins
  4 jackals (D:1)
  11 quokkas
  9 ball pythons
  4 frilled lizards (Sewer)
  7 kobolds
  5 rats
114 creatures vanquished.

Notes
Turn   | Place    | Note
-------+----------+-------------------------------------------
     0 | D:1      | magipi the Meteoran Berserker began the quest for the Orb.
     0 | D:1      | Reached XP level 1. HP: 19/19 MP: 2/2
   206 | D:1      | Reached XP level 2. HP: 22/26 MP: 3/3
   410 | D:2      | Reached XP level 3. HP: 17/31 MP: 4/4
   485 | D:1      | Reached ** piety under Trog
   772 | D:2      | Reached XP level 4. HP: 30/40 MP: 5/5
   833 | D:2      | Reached skill level 5 in Maces & Flails
   866 | D:2      | Found a shimmering blue altar of Sif Muna.
   973 | D:2      | Found a faded altar of an unknown god.
  1021 | D:3      | Reached XP level 5. HP: 46/46 MP: 6/6
  1352 | D:3      | Found the +8 longbow "Zephyr" {speed, Dex+3 SInv}
  1395 | D:3      | Noticed an ogre
  1400 | D:3      | Killed an ogre
  1401 | D:3      | Reached skill level 6 in Maces & Flails
  1401 | D:3      | Reached XP level 6. HP: 52/52 MP: 7/7
  1492 | D:4      | Reached XP level 7. HP: 45/60 MP: 8/8
  1501 | D:4      | Found a glowing drain.
  1522 | Sewer    | Entered a sewer
  1532 | Sewer    | Reached *** piety under Trog
  1773 | Sewer    | Reached skill level 7 in Maces & Flails
  2071 | D:3      | Found a basalt altar of Yredelemnul.
  2191 | D:4      | Reached skill level 5 in Fighting
  2191 | D:4      | Reached XP level 8. HP: 65/68 MP: 9/9
  2259 | D:4      | Reached **** piety under Trog
  2285 | D:5      | Entered Level 5 of the Dungeon
  2286 | D:5      | Found a white marble altar of Elyvilon.
  2337 | D:5      | Reached skill level 1 in Throwing
  2337 | D:5      | Reached skill level 5 in Armour
  2337 | D:5      | Reached skill level 5 in Dodging
  2365 | D:5      | Reached skill level 1 in Evocations
  2446 | D:5      | Found an ancient bone altar of Kikubaaqudgha.
  2460 | D:5      | Reached skill level 8 in Maces & Flails
  2535 | D:5      | HP: 4/102 [poisoned by a gnoll sergeant]
  2536 | D:5      | Succumbed to a gnoll sergeant's poison

Illustrated notes

Levels and vault maps discovered:
D:1:      nzn_arrival_crosshair, layout_basic
D:2:      layout_rooms, hellmonk_ecumenical_altar_crossroads, basic_altar
D:3:      layout_basic, mainiacjoe_overflow_swirl
D:4:      layout_rooms, portal_sewer_entry_f
D:5:      layout_rooms, kiku_gazebo_pond_becter,
          mainiacjoe_overflow_concentric_impassable, nicolae_gozag_seed_capital,
          lightli_minifort

Skill      XL: |  1  2  3  4  5  6  7  8 |
---------------+-------------------------+-----
Dodging        | 3 4 5 |  5.3
Armour         | 3 4 5 |  5.2
Maces & Flails | 5 6 7 8 |  8.2
Fighting       | 4 5 |  5.3
Throwing       | 1 |  1.5
Evocations     | 1 |  1.5

Action                   |  1- 3 |  4- 6 |  7- 9 || total
-------------------------+-------+-------+-------++-------
Melee: Mace              |    80 |    91 |   195 ||   366
       Punch             |       |     3 |     1 ||     4
Throw: Dart              |       |       |     1 ||     1
Invok: Berserk           |       |     3 |     4 ||     7
 Stab: Distracted        |       |       |     1 ||     1
Armor: Animal skin       |     4 |       |       ||     4
       Ring mail         |    32 |       |       ||    32
       Chain mail        |       |    62 |   101 ||   163
Dodge: Dodged            |    49 |    33 |    57 ||   139

Table legend: (Time is in decaauts)
 A = Elapsed time spent in this place.
 B = Non-inter-level travel time spent in this place.
 C = Inter-level travel time spent in this place.
 D = Time resting spent in this place.
 E = Time spent auto-exploring this place.
 F = Levels seen in this place.
 G = Mean time per level.
                   A        B        C        D        E       F      G
               +--------+--------+--------+--------+--------+-----+--------+
         Total |   2691 |   2532 |    159 |      0 |      0 |   6 |  448.5 |
       Dungeon |   2323 |   2164 |    159 |      0 |      0 |   5 |  464.6 |
         Sewer |    367 |    367 |      0 |      0 |      0 |   1 |  367.0 |
               +--------+--------+--------+--------+--------+-----+--------+

Top non-repeatable levels by time:
     D:1: 646 daAuts
     D:3: 600 daAuts
     D:4: 465 daAuts
     D:2: 414 daAuts
   Sewer: 367 daAuts
     D:5: 197 daAuts
